 Dungeon Crawl Stone Soup version 0.32-a0-7-ge934b4519a (webtiles) character file.

Game seed: 4992478370741636844

393 arthad the Magician (level 6, -1/53 (57) HPs)
             Began as an Oni Fire Elementalist on Jan 13, 2024.
             Slain by a wight
             ... wielding a +3 great sword
              (13 damage)
             ... on level 5 of the Dungeon.
             The game lasted 00:11:09 (4752 turns).

arthad the Magician (Oni Fire Elementalist)         Turns: 4752, Time: 00:11:09

HP:   -1/53 (57)    AC:  4    Str: 13    XL:     6   Next: 81%
MP:   1/12          EV: 10    Int: 18    God:
Gold: 133           SH:  0    Dex:  9    Spells: 4/13 levels left

rFire   . . .        m - +0 rapier
rCold   . . .        (no shield)
rNeg    . . .        a - +1 robe
rPois   .            (helmet restricted)
rElec   .            (no cloak)
rCorr   .            (gloves unavailable)
SInv    +            (boots unavailable)
Will    .....        (no amulet)
Stlth   ++           g - ring of see invisible
HPRegen 0.28/turn    (no ring)
MPRegen 0.13/turn

%: no passive effects
@: drained
A: large, unfitting armour, horns 1, tough skin 1, double potion healing,
drunken brawling
a: no special abilities


You were on level 5 of the Dungeon.
You visited 1 branch of the dungeon, and saw 5 of its levels.

You collected 133 gold pieces.

Inventory:

Hand Weapons
 m - a +0 rapier (weapon)
Missiles
 s - 5 atropa-tipped darts
Armour
 a - a +1 robe (worn)
Jewellery
 g - a ring of see invisible (left hand)
Scrolls
 c - 2 scrolls of immolation
 f - a scroll of enchant armour
 h - 2 scrolls of identify
 n - a scroll of poison {unknown}
 o - a scroll of enchant weapon {unknown}
 p - 2 scrolls of butterflies {unknown}
 q - a scroll of blinking {unknown}
 r - 2 scrolls of acquirement {unknown}
Potions
 b - a potion of magic
 i - 2 potions of lignification
 j - 2 potions of curing {unknown}
 k - 2 potions of attraction {unknown}
 l - a potion of heal wounds {unknown}


   Skills:
 + Level 2.2 Fighting
 + Level 2.7 Dodging
 + Level 2.3 Stealth
 * Level 4.0 Spellcasting
 * Level 2.9 Conjurations
 * Level 3.9 Fire Magic


You had 4 spell levels left.
You knew the following spells:

 Your Spells              Type           Power      Damage    Failure   Level
a - Foxfire               Conj/Fire      64%        2x1d7     3%          1
b - Scorch                Fire           36%        2d6       4%          2
c - Inner Flame           Hex/Fire       10%        N/A       19%         3
d - Volatile Blastmotes   Fire/Tloc      20%        2d11      19%         3

Your spell library contained the following spells:

 Spells                   Type           Power      Damage    Failure   Level
 Flame Wave               Conj/Fire      16%        2d7       34%         4


Dungeon Overview and Level Annotations

Branches:
Dungeon (5/15)
 Temple: D:4-7

Altars:
Xom

Annotations:
D:5 2 runed translucent doors, zenocrate's ghost, novice VSEn


Innate Abilities, Weirdness & Mutations

You are too large for most types of armour.
You have a pair of small horns on your head.
You have tough skin. (AC +1)
You gain doubled healing and magic from potions.
Whenever you drink a healing potion, you attack all around you.


Message History

The hound is almost dead.
The hound bites you.
You conjure some foxfire!
The foxfire hits the hound.
You kill the hound!
The foxfire hits the wight.
The wight is lightly damaged.
Your life force feels restored.
You conjure some foxfire!
The foxfire hits the wight but does no damage.
The wight is lightly damaged.
The foxfire hits the wight but does no damage.
The wight is lightly damaged.
The wight misses you.
You conjure some foxfire!
The foxfire hits the wight but does no damage.
The wight is lightly damaged.
The foxfire hits the wight but does no damage.
The wight is lightly damaged.
The wight hits you with a +0 short sword.
You feel drained.
Your foxfire dissipates!
The foxfire hits the wight.
The wight is moderately damaged.
The orc wizard suddenly complains.
The wight attacks as it pursues you!
The wight hits you with a +0 short sword!
A wight comes into view. It is wielding a +5 dagger of freezing.
The wight barely misses you.
As you read the scroll labelled HUTEDI FAHYRO, it dissolves into smoke.
It was a scroll of fog.
The wight closely misses you.
Zenocrate's ghost turns its malevolent gaze towards you.
The wight attacks as it pursues you!
The wight hits you with a +3 great sword!
You feel drained.
* * * LOW HITPOINT WARNING * * *
As you read the scroll labelled YXUMNA ETOUK, it crumbles to dust.
It is a scroll of identify.
i - 2 potions of lignification The wight hits you with a +3 great sword!
You die...

..#.......####..[..#.##......z.#.
.##.##......#~#.~...# ##.#...#...
........###.#§.⌠.#≈.####)##z#..#.
(...##..# #.##.~W.~§≈##.z.......#
....###.###.####++### #.##.#.....
#.#.........##..§§§§###.#z..#..#.
#.#######.####..§§§§##o.......#..
.. #.# ###.zz§§§§.#...#.... #.#
#.@####§#.##.##.#.. #.#####§##
#§§.......##. ###.......#
##........... #.....#.###
#######..... #.....#.# ######
#.....#.# #...†.#.# #.....#.#
###.....#


You could see 2 wights.

Vanquished Creatures
  A black bear (D:5)
  A hound (D:5)
  2 bombardier beetles
  An iguana (D:5)
  9 gnolls
  3 adders
  2 dart slugs
  4 orcs
  4 endoplasms
  4 giant cockroaches
  5 goblins
  5 hobgoblins
  3 jackals (D:2)
  5 kobolds
  3 quokkas
  6 ball pythons
  4 bats (D:1)
  2 frilled lizards (D:1)
  8 rats
72 creatures vanquished.

Vanquished Creatures (others)
  265 foxfires
265 creatures vanquished.

Grand Total: 337 creatures vanquished

Notes
Turn   | Place    | Note
-------+----------+-------------------------------------------
     0 | D:1      | arthad the Oni Fire Elementalist began the quest for the
                  | Orb.
     0 | D:1      | Reached XP level 1. HP: 16/16 MP: 3/3
    86 | D:1      | Reached skill level 1 in Conjurations
   201 | D:1      | Reached XP level 2. HP: 24/24 MP: 2/5
   673 | D:1      | Learned a level 2 spell: Scorch
  1065 | D:1      | Reached XP level 3. HP: 31/31 MP: 1/7
  1069 | D:1      | Learned a level 3 spell: Inner Flame
  1711 | D:2      | Found a faded altar of an unknown god.
  2071 | D:2      | Found a shimmering altar of Xom.
  2502 | D:3      | Reached skill level 3 in Spellcasting
  2502 | D:3      | Reached XP level 4. HP: 40/40 MP: 1/8
  2791 | D:3      | Reached skill level 1 in Fighting
  2799 | D:3      | Reached XP level 5. HP: 48/48 MP: 1/9
  4122 | D:4      | Noticed an orc warrior
  4295 | D:4      | Learned a level 3 spell: Volatile Blastmotes
  4377 | D:4      | Noticed an ogre
  4380 | D:5      | Entered Level 5 of the Dungeon
  4430 | D:5      | Noticed a black bear
  4436 | D:5      | Killed a black bear
  4437 | D:5      | Reached XP level 6. HP: 42/57 MP: 3/11
  4550 | D:5      | Found a large runed translucent door.
  4552 | D:5      | Found a large runed translucent door.
  4556 | D:5      | Noticed zenocrate's ghost (novice VSEn)
  4582 | D:5      | Reached skill level 4 in Spellcasting
  4752 | D:5      | Slain by a wight

Illustrated notes

Levels and vault maps discovered:
D:1:      saegor_arrival_simple_a, layout_loops_corners
D:2:      layout_basic, basic_altar, serial_co_window_serial, co_window_paths_a,
          co_window_paths_a, co_window_paths_a, co_window_paths_b,
          co_window_paths_a, co_window_of_opportunity_a, co_window_cross_1,
          co_window_paths_b, co_window_paths_a, co_window_broadway_c,
          co_window_2corner, co_window_paths_c, glass_columns_b,
          shapermc_ecumenical_altar_starsandcircs
D:3:      layout_basic, bh_walls_and_bars
D:4:      minmay_opposing_rooms, layout_basic
D:5:      layout_loops_cross, lemuel_crystal_altar,
          grunt_temple_overflow_diamond, mainiacjoe_overflow_surrounded_room,
          temple_green, ebering_ghost_disaster_area,
          hangedman_decor_clover_reticule, minmay_misc_feat_x, uniq_eustachio,
          uniq_ijyb

Skill      XL: |  1  2  3  4  5  6 |
---------------+-------------------+-----
Conjurations   | 1 2 |  2.9
Dodging        | 2 |  2.7
Fire Magic     | 3 |  3.9
Spellcasting   | 3 4 |  4.0
Fighting       | 1 2 |  2.2
Stealth        | 2 |  2.3

Action                     |  1- 3 |  4- 6 || total
---------------------------+-------+-------++-------
  Melee: Unarmed           |     8 |       ||     8
         Headbutt          |     1 |       ||     1
         Rapier            |       |     5 ||     5
   Cast: Foxfire           |    71 |    82 ||   153
         Inner Flame       |       |     1 ||     1
         Scorch            |       |    11 ||    11
         Volatile Blastmot |       |     2 ||     2
    Use: Scroll            |       |     6 ||     6
 Armour: Robe              |     6 |    30 ||    36
  Dodge: Dodged            |     7 |    19 ||    26

Table legend: (Time is in decaauts)
 A = Elapsed time spent in this place.
 B = Non-inter-level travel time spent in this place.
 C = Inter-level travel time spent in this place.
 D = Time resting spent in this place.
 E = Time spent auto-exploring this place.
 F = Levels seen in this place.
 G = Mean time per level.
                   A        B        C        D        E       F      G
               +--------+--------+--------+--------+--------+-----+--------+
         Total |   4751 |   4618 |    133 |     18 |   3945 |   5 |  950.2 |
       Dungeon |   4751 |   4618 |    133 |     18 |   3945 |   5 |  950.2 |
               +--------+--------+--------+--------+--------+-----+--------+

Top non-repeatable levels by time:
     D:1: 1286 daAuts
     D:2: 1268 daAuts
     D:3: 1180 daAuts
     D:4: 644 daAuts
     D:5: 371 daAuts
